[Event "*** Titled Tuesday Blitz"]
[Site "Chess.com"]
[Date "2021.04.27"]
[Round "3"]
[White "barbara25"]
[Black "mamonika"]
[Result "1-0"]
[WhiteElo "2290"]
[BlackElo "2037"]
[TimeControl "180+1"]
[EndTime "10:26:26 PDT"]
[Termination "barbara25 won on time"]

1. e4 c5 2. Nf3 e6 3. g3 Nc6 4. Bg2 d5 5. exd5 exd5 6. O-O Nf6 7. d4 Be6 8. Nc3 Be7 9. Ne2 O-O 10. Nf4 Bg4 11. c3 cxd4 12. cxd4 Qb6 13. Be3 Rfd8 14. h3 Bf5 15. b3 Rac8 16. Rc1 Ne4 17. g4 Bg6 18. h4 f5 19. g5 Bf7 20. Ne5 Nxe5 21. Rxc8 Rxc8 22. dxe5 Qa5 23. e6 Be8 24. Nxd5 Bd6 25. Bxe4 fxe4 26. Nf6+ gxf6 27. Qxd6 fxg5 28. hxg5 Qf5 29. e7 Qg4+ 30. Qg3 Qf5 31. f3 1-0

[Event "*** Titled Tuesday Blitz"]
[Site "Chess.com"]
[Date "2021.04.27"]
[Round "3"]
[White "Cptn2"]
[Black "KetiGrant"]
[Result "1-0"]
[WhiteElo "2582"]
[BlackElo "2356"]
[TimeControl "180+1"]
[EndTime "10:26:28 PDT"]
[Termination "Cptn2 won by resignation"]

1. e4 c5 2. Nf3 Nc6 3. a3 Nf6 4. Nc3 e5 5. Bc4 Be7 6. d3 O-O 7. O-O d6 8. Rb1 Bg4 9. h3 Bh5 10. Be3 Nd4 11. Bxd4 cxd4 12. Nd5 Nxd5 13. Bxd5 Kh8 14.
g4 Bg6 15. Bxb7 Rb8 16. Bd5 h5 17. Ne1 Bh4 18. Ng2 Qg5 19. b4 Rfc8 20. Rb2 Rc3 21. a4 hxg4 22. hxg4 Qh6 23. Qf3 Bg5 24. a5 a6 25. Ra1 Bc1 26. Rbb1 Rxc2 27. b5 Bf4 28. Nxf4 exf4 29. bxa6 1-0

[Event "*** Titled Tuesday Blitz"]
[Site "Chess.com"]
[Date "2021.04.27"]
[Round "3"]
[White "OlifantCZ"]
[Black "Vesper2018"]
[Result "0-1"]
[WhiteElo "2262"]
[BlackElo "2536"]
[TimeControl "180+1"]
[EndTime "10:26:30 PDT"]
[Termination "Vesper2018 won by resignation"]

1. c4 e5 2. g3 Nc6 3. Bg2 g6 4. Nc3 Bg7 5. d3 d6 6. e4 f5 7. Nge2 Nf6 8. O-O O-O 9. Nd5 Be6 10. Bg5 Qd7 11. Qd2 Nh5 12. Bh6 f4 13. Bxg7 Qxg7 14. gxf4 exf4 15. Nexf4 Nxf4 16. Nxf4 Qh6 17. d4 Bd7 18. e5 Qxf4 19. Qxf4 Rxf4 20. e6 Be8 21. d5 Ne5 22. b3 g5 23. Rae1 Bh5 24. Re3 Raf8 25. Rc1 Rxf2 26. c5 Rxa2 27. cxd6 cxd6 28. Bh3 Nf3+ 29. Rxf3 Bxf3 30. e7 Re8 31. Rc7 g4 32. Bf1 Kf7 0-1

[Event "*** Titled Tuesday Blitz"]
[Site "Chess.com"]
[Date "2021.04.27"]
[Round "3"]
[White "amintabatabaei"]
[Black "731291"]
[Result "1-0"]
[WhiteElo "2992"]
[BlackElo "2688"]
[TimeControl "180+1"]
[EndTime "10:26:31 PDT"]
[Termination "amintabatabaei won by resignation"]

1. e4 c5 2. Nf3 e6 3. g3 Nc6 4.
Bg2 d6 5. O-O Nf6 6. Qe2 Be7 7.
c3 e5 8. a4 O-O 9. Na3 Bg4 10.
d3 Re8 11. Bg5 h6 12. Bxf6 Bxf6 13. Nc4 Be6 14. Nfd2 g6 15. Ne3 Bg7 16. f4 exf4 17. gxf4 f5 18. Kh1 Qd7 19. Qf2 Ne7 20. Qg3 Kh7 21.
Rg1 Rg8 22. Rae1 Raf8 23. Nf3 d5 24. e5 d4 25. cxd4 cxd4 26. Nc2 Nc6 27. Qh4 Rd8 28. b4 Bb3 29. e6 Qe7 30. Ng5+ Kh8 31. Nf7+ Kh7 32.
Ng5+ Kh8 33. Bxc6 bxc6 34. Nf7+ 1-0

[Event "*** Titled Tuesday Blitz"]
[Site "Chess.com"]
[Date "2021.04.27"]
[Round "3"]
[White "dretch"]
[Black "Legendinunknown"]
[Result "1-0"]
[WhiteElo "2808"]
[BlackElo "2603"]
[TimeControl "180+1"]
[EndTime "10:26:31 PDT"]
[Termination "dretch won by resignation"]

1. d4 Nf6 2. c4 g6 3. Nc3 Bg7 4.
e4 d6 5. Nf3 O-O 6. h3 e5 7. dxe5 dxe5 8. Qxd8 Rxd8 9. Bg5 c6 10.
Nxe5 Re8 11. O-O-O Na6 12. Nf3 h6 13. Be3 Nxe4 14.
Nxe4 Rxe4 15. Rd8+ Kh7 16. h4 f6 17. Bd3 Rxe3 18.
fxe3 h5 19. Ng5+ fxg5 20. hxg5 Be5 21. Rxh5+ Kg7 22. Rhh8 Bf5 23. Rxa8 Bxd3 24. Rhe8 Bd6 25. Red8 Bxc4 26. Rxd6 Bxa2 27. Rd7+ Bf7 28. Rxb7 Nc5 29. Rbxa7 Ne6 30. Rc8 Nxg5 31. Rxc6 Kh6 32. Rxf7 Nxf7 33. b4 Ne5 34. Rc3 Kg5 35. b5 Kf6 36. b6 Nd7 37. b7 Nb8 38. Rc8 Na6 39. Rc6+ 1-0

[Event "*** Titled Tuesday Blitz"]
[Site "Chess.com"]
[Date "2021.04.27"]
[Round "3"]
[White "Nikolaj_6"]
[Black "rasmussvane"]
[Result "0-1"]
[WhiteElo "2655"]
[BlackElo "2919"]
[TimeControl "180+1"]
[EndTime "10:26:34 PDT"]
[Termination "rasmussvane won by resignation"]

1. e4 c6 2. d4 d5 3. e5 Bf5 4. h4 h5 5. Bd3 Bxd3 6. Qxd3 Qa5+ 7. Nd2 e6 8. Ne2 Nh6 9. O-O Nf5 10. Nf3 Qa6 11.
Qd1 Be7 12. g3 c5 13. c3 Nc6 14. a3 Rc8 15. Bg5 cxd4 16. Bxe7 d3 17. Nf4 Ncxe7 18.
Nxd3 Rc4 19. Re1 O-O 20. Ng5 Rg4 21. Kh2 Ng6 22. Nh3 d4 23. Ndf4 Nxf4 24. Nxf4 dxc3 25. bxc3 g6 26. Rb1 Qc6 27. Qd2 Nxh4 28. gxh4 Rxh4+ 29. Kg3 Rg4+ 30. Kh3 Qf3+ 0-1

[Event "*** Titled Tuesday Blitz"]
[Site "Chess.com"]
[Date "2021.04.27"]
[Round "3"]
[White "volkanyirik"]
[Black "DenisQ"]
[Result "1/2-1/2"]
[WhiteElo "2419"]
[BlackElo "2629"]
[TimeControl "180+1"]
[EndTime "10:26:35 PDT"]
[Termination "Game drawn by repetition"]

1. e4 c6 2. Nc3 d5 3. d4 dxe4 4. f3 e5 5. dxe5 Qxd1+ 6. Nxd1 exf3 7. Nxf3 Bf5 8. Ne3 Bg6 9. Nh4 Nd7 10. Nxg6 hxg6 11.
Nc4 b5 12. Nd6+ Bxd6 13. exd6 Ngf6 14. Bf4 Nd5 15. Bg3 N7f6 16. O-O-O Kd7 17. c4 Ne3 18. Re1 Nf5 19. Bd3 Nxg3 20. hxg3 Rxh1 21. Rxh1 bxc4 22. Bxc4 Nd5 23. Rh7 Rg8 24. Bxd5 cxd5 25. Rh4 Kxd6 26. Ra4 Rc8+ 27. Kd2 Rc7 28. Kd3 Ke5 29. Ra6 g5 30. b4 f5 31. Rg6 g4 32. Ra6 g5 33. a4 f4 34. Rg6 Kf5 35. Rd6 Ke5 36. Rg6 Kf5 37.
Rd6 Ke5 38. Rg6 1/2-1/2

[Event "*** Titled Tuesday Blitz"]
[Site "Chess.com"]
[Date "2021.04.27"]
[Round "3"]
[White "monikarozman"]
[Black "Grandmaster2B"]
[Result "0-1"]
[WhiteElo "2185"]
[BlackElo "2508"]
[TimeControl "180+1"]
[EndTime "10:26:35 PDT"]
[Termination "Grandmaster2B won by resignation"]

1. d4 Nf6 2. c4 e6 3. Nc3 Bb4 4.
e3 b6 5. Ne2 Ba6 6. Ng3 Bxc3+ 7.
bxc3 d5 8. Qa4+ Qd7 9. Qxd7+ Nbxd7 10. cxd5 Bxf1 11. Rxf1 exd5 12. a4 O-O-O 13. a5 Kb7 14. Ba3 Rhe8 15. Kd2 g6 16. Kd3 h5 17. h4 Ne4 18. Ne2 c5 19. dxc5 Ndxc5+ 20. Bxc5 Nxc5+ 21. Kc2 Ne4 22. axb6 axb6 23. Nd4 Rc8 24. Ra3 Ra8 25. Nb5 Rxa3 26. Nxa3 Rc8 27. Nb1 b5 28. f3 Ng3 29.
Rd1 Nf5 30. Rd3 Kc6 31. e4 dxe4 32. fxe4 Nxh4 33. g3 Ng2 34. Kd2 h4 35. gxh4 Nxh4 36. Ke2 g5 37. Nd2 Ng6 38. Nf3 Nf4+ 0-1

[Event "*** Titled Tuesday Blitz"]
[Site "Chess.com"]
[Date "2021.04.27"]
[Round "3"]
[White "thebulldog1"]
[Black "olksuna"]
[Result "0-1"]
[WhiteElo "2413"]
[BlackElo "2649"]
[TimeControl "180+1"]
[EndTime "10:26:38 PDT"]
[Termination "olksuna won by resignation"]

1. e4 e6 2. d4 d5 3. Nd2 Be7 4. Ngf3 Nf6 5. e5 Nfd7 6. Bd3 c5 7. c3 b6 8. O-O Ba6 9. Bxa6 Nxa6 10. Qe2 Nc7 11.
Ne1 O-O 12. f4 f5 13. exf6 Nxf6 14. Nd3 Qe8 15. Ne5 cxd4 16. cxd4 Nb5 17. Qd3 Nd6 18. Ndf3 Nfe4 19. Be3 Qb5 20. a4 Qxd3 21. Nxd3 a5 22.
Nfe5 Rac8 23. Rac1 Nf5 24. Rxc8 Rxc8 25. Rc1 Rxc1+ 26.
Bxc1 Nxd4 27. Be3 Bc5 28. Nxc5 bxc5 29. Nd7 Nb3 30. Nb6 d4 31. Bf2 d3 32. Nc4 d2 33.
Nxd2 Nexd2 0-1

[Event "*** Titled Tuesday Blitz"]
[Site "Chess.com"]
[Date "2021.04.27"]
[Round "3"]
[White "Trickster_Pony"]
[Black "djano"]
[Result "0-1"]
[WhiteElo "1621"]
[BlackElo "2477"]
[TimeControl "180+1"]
[EndTime "10:26:39 PDT"]
[Termination "djano won by resignation"]

1. c4 g6 2. g3 Bg7 3. Bg2 Nc6 4. Nc3 f5 5. d4 Nxd4 6. e3 Nc6 7. Nge2 Nf6 8. O-O O-O 9. Nf4 e6 10. Rb1 a5 11. b3 b6 12. Nxe6 dxe6 13. Bxc6 Rb8 14. Ba3 Bd7 15. Bxd7 Nxd7 16. Ne2 Re8 17. Nd4 Bxd4 18.
exd4 Nf6 19. Re1 Qd7 20. Bb2 Rbd8 21. Qc2 Ne4 22. Rbd1 Qc6 23. h4 g5 24. f3 Nxg3 25. d5 exd5 26. Qc3 d4 27. Rxe8+ Qxe8 28. Rxd4 Ne2+ 0-1

[Event "*** Titled Tuesday Blitz"]
[Site "Chess.com"]
[Date "2021.04.27"]
[Round "3"]
[White "nrvisakh"]
[Black "Ermito2020"]
[Result "0-1"]
[WhiteElo "2807"]
[BlackElo "2621"]
[TimeControl "180+1"]
[EndTime "10:26:41 PDT"]
[Termination "Ermito2020 won on time"]

1. e4 c6 2. Nf3 d5 3. d3 Qc7 4. g3 e5 5. Bg2 Nf6 6. O-O Bd6 7. Nc3 O-O 8. exd5 Nxd5 9. Ne4 Be7 10. Re1 Bf5 11.
c4 Nf6 12. Nxf6+ Bxf6 13. Qe2 Nd7 14. Nd2 Rad8 15. Ne4 Be7 16. Be3 b6 17. Rad1 Bg6 18.
f4 f5 19. Nc3 Bd6 20. fxe5 Nxe5 21. Bf4 Rfe8 22. Qf1 Bc5+ 23. Kh1 Bd6 24. d4 Ng4 25. Rxe8+ Rxe8 26. Re1 Rxe1 27. Qxe1 Bxf4 28. gxf4 Qxf4 29.
Qe6+ Kf8 30. Kg1 Qxd4+ 0-1

[Event "*** Titled Tuesday Blitz"]
[Site "Chess.com"]
[Date "2021.04.27"]
[Round "3"]
[White "grandcoach"]
[Black "dennisodessa"]
[Result "0-1"]
[WhiteElo "2241"]
[BlackElo "2425"]
[TimeControl "180+1"]
[EndTime "10:26:41 PDT"]
[Termination "dennisodessa won on time"]

1. e4 e6 2. Nf3 d5 3. e5 c5 4. b4 c4 5. c3 a5 6. b5 Nd7 7. d4 cxd3 8. Bxd3 Nc5 9. Bc2 Bd7 10.
a4 Ne7 11. h4 b6 12. h5 Rc8 13. h6 Ne4 14. Bxe4 dxe4 15. Nd4 Nf5 16. Ba3 Nxh6 17. Qc2 Bxa3 18. Nxa3 f5 19. Qb3 Qe7 20. Nc4 O-O 21.
Nxb6 Rce8 22. Nc4 Qc5 23. Nd6 Re7 24. O-O Qxe5 25. Nc4 Qf4 26. b6 Ng4 27. g3 Qh6 0-1

[Event "*** Titled Tuesday Blitz"]
[Site "Chess.com"]
[Date "2021.04.27"]
[Round "3"]
[White "DFeco"]
[Black "1977Ivan"]
[Result "0-1"]
[WhiteElo "2272"]
[BlackElo "2660"]
[TimeControl "180+1"]
[EndTime "10:26:42 PDT"]
[Termination "1977Ivan won by resignation"]

1. c4 Nf6 2. g3 e5 3. Bg2 c6 4. d4 e4 5. Nc3 d5 6. Nh3 h6 7. O-O Bb4 8. cxd5 cxd5 9. Qb3 Nc6 10. Nf4 Bxc3 11. bxc3 O-O 12. Ba3 Re8 13. e3 b6 14. c4 Na5 15. Qb5 Nxc4 16. Bb4 Bd7 17. Qa6 Bc8 18. Qa4 a5 19. Bc3 Bd7 20. Qb3 b5 21.
Rfc1 g5 22. Ne2 b4 23. Be1 Be6 24. a4 Kg7 25. Rc2 Rc8 26. Rac1 Qd7 27. Bf1 Rc7 28. Kh1 Rec8 29. Ng1 Kg6 30. Kg2 h5 31. h3 h4 32.
g4 Nd6 33. Rxc7 Rxc7 34. Rxc7 Qxc7 35. Bd2 Bxg4 36. hxg4 Nc4 37. Qd1 Nxd2 38. Qxd2 Nxg4 39. Bb5 Qh2+ 40. Kf1 h3 41. Bd7 Qg2+ 42. Ke1 Qxg1+ 43. Ke2 Qxf2+ 44. Kd1 Nxe3+ 45. Kc1 Qxd2+ 46. Kxd2 h2 0-1

[Event "*** Titled Tuesday Blitz"]
[Site "Chess.com"]
[Date "2021.04.27"]
[Round "3"]
[White "Artem_Sadovsky"]
[Black "Stormeman100100"]
[Result "1-0"]
[WhiteElo "2702"]
[BlackElo "2481"]
[TimeControl "180+1"]
[EndTime "10:26:44 PDT"]
[Termination "Artem_Sadovsky won by checkmate"]

1. Nf3 Nf6 2. b3 g6 3. Bb2 Bg7 4. c4 O-O 5. g3 d6 6. Bg2 e5 7. O-O Nc6 8. d4 e4 9. Ng5 Bf5 10. d5 Ne5 11. Nc3 e3 12. f4 Neg4 13. Qc1 h6 14. Nf3 Re8 15. Nd1 Ne4 16. Bxg7 Kxg7 17. Nxe3 Nxg3 18. Nxf5+ Nxf5 19. e4 Rxe4 20. Ne5 Qh4 21.
Nxg4 Qxg4 22. Qc3+ Kh7 23. h3 Re3 24. hxg4 Rxc3 25.
gxf5 gxf5 26. Rf3 Rc2 27. Rf2 Rc3 28. Re1 Rg8 29. Re7 Rg7 30. Rxc7 h5 31. Kh2 h4 32.
Rxb7 Kh6 33. Rxa7 Kh5 34. Ra8 Kg4 35. Rh8 f6 36. b4 Rxc4 37. Bh3# 1-0

[Event "*** Titled Tuesday Blitz"]
[Site "Chess.com"]
[Date "2021.04.27"]
[Round "3"]
[White "mapleaff"]
[Black "csati17"]
[Result "1-0"]
[WhiteElo "2401"]
[BlackElo "2578"]
[TimeControl "180+1"]
[EndTime "10:26:44 PDT"]
[Termination "mapleaff won by checkmate"]

1. d4 Nf6 2. c4 e6 3. g3 d5 4. Nf3 Be7 5. Bg2 O-O 6. O-O c5 7. cxd5 exd5 8. Nc3 Nc6 9. dxc5 Be6 10. Na4 Ne4 11. Be3 Qd7 12. Rc1 Bh3 13. Nc3 Bxg2 14. Kxg2 Nf6 15. Nb5 Rfe8 16. h3 Rad8 17. Nbd4 Ne4 18.
Nxc6 bxc6 19. Bd4 Qe6 20. e3 h5 21. Nd2 h4 22. Nxe4 dxe4 23. Qg4 Qxa2 24. Qxg7# 1-0

[Event "*** Titled Tuesday Blitz"]
[Site "Chess.com"]
[Date "2021.04.27"]
[Round "3"]
[White "tusplingher"]
[Black "Kislov_Oleg"]
[Result "0-1"]
[WhiteElo "2266"]
[BlackElo "2488"]
[TimeControl "180+1"]
[EndTime "10:26:44 PDT"]
[Termination "Kislov_Oleg won by resignation"]

1. e4 c5 2. d4 cxd4 3. c3 dxc3 4. Nxc3 Nc6 5. Nf3 e6 6. Bc4 a6 7. O-O d6 8. Qe2 b5 9. Bb3 Ra7 10. Rd1 Rd7 11. Be3 Bb7 12. Rac1 Nf6 13. Nxb5 axb5 14. Qxb5 Be7 15. Rxc6 Bxc6 16. Qxc6 O-O 17. Nd4 Rc7 18. Qa4 Nxe4 19. Nc6 Qa8 20. Nxe7+ Rxe7 21. Qxa8 Rxa8 22. f3 Nc5 23. Bc4 Nb7 24. a3 d5 25. Bb3 Nd6 26.
Bc5 Rb7 27. Bb4 Nf5 28. Kf2 g5 29. Bc2 Ne7 30. Bc3 Nc6 31. Ke3 d4+ 0-1

[Event "*** Titled Tuesday Blitz"]
[Site "Chess.com"]
[Date "2021.04.27"]
[Round "3"]
[White "halldorgretar"]
[Black "Kolle05"]
[Result "0-1"]
[WhiteElo "2127"]
[BlackElo "2326"]
[TimeControl "180+1"]
[EndTime "10:26:46 PDT"]
[Termination "Kolle05 won on time"]

1. d4 Nf6 2. c4 g6 3. f3 Bg7 4. e4 d6 5. Nc3 O-O 6. Be3 c5 7.
Nge2 Nc6 8. d5 Ne5 9. Ng3 e6 10. Be2 exd5 11. cxd5 a6 12. a4 Rb8 13. O-O h5 14. h3 Ne8 15. f4 h4 16. Nh1 Nd7 17.
Nf2 Nc7 18. Ng4 f5 19. Nh2 b5 20. axb5 Nxb5 21. Nxb5 axb5 22. exf5 gxf5 23. Nf3 Re8 24. Bf2 Bf6 25. Bd3 Nf8 26. Qc2 Ng6 27. Bxf5 Nxf4 28.
Ra7 Re7 29. Rxe7 Qxe7 30. Re1 Qg7 0-1

[Event "*** Titled Tuesday Blitz"]
[Site "Chess.com"]
[Date "2021.04.27"]
[Round "3"]
[White "Smile2005"]
[Black "Bad_left_hook"]
[Result "1-0"]
[WhiteElo "2375"]
[BlackElo "2569"]
[TimeControl "180+1"]
[EndTime "10:26:48 PDT"]
[Termination "Smile2005 won by resignation"]

1. Nf3 Nf6 2. g3 g6 3. Bg2 Bg7 4. O-O O-O 5. d3 d5 6. Nc3 d4 7. Na4 Nc6 8. c4 e5 9. Rb1 a5 10. a3 Bf5 11. b4 axb4 12. axb4 Re8 13. b5 Na5 14. Nh4 Bg4 15. h3 Bc8 16. Nc5 Bf8 17.
Nb3 Nxb3 18. Qxb3 Nd7 19. Bd2 Nc5 20. Qc2 Be6 21. Nf3 Bg7 22. Ng5 Bc8 23. Bb4 Ne6 24. Nxe6 Rxe6 25. c5 c6 26. bxc6 bxc6 27. Ra1 Rb8 28. Ba5 Qe8 29. Bb6 f5 30. Ra7 e4 31.
Qc4 Kh8 32. Rfa1 Bb7 33. Bc7 Re7 34. Bxb8 Qxb8 35. Qb4 e3 36. f4 Qc8 37. Qb6 g5 38.
Rb1 gxf4 39. Rxb7 1-0

[Event "*** Titled Tuesday Blitz"]
[Site "Chess.com"]
[Date "2021.04.27"]
[Round "3"]
[White "biostatistician"]
[Black "vinniethepooh"]
[Result "1-0"]
[WhiteElo "2534"]
[BlackElo "2730"]
[TimeControl "180+1"]
[EndTime "10:26:50 PDT"]
[Termination "biostatistician won by resignation"]

1. d4 Nf6 2. Nf3 d5 3. c4 e6 4. Bg5 Be7 5. e3 O-O 6. Nc3 b6 7. Bd3 Bb7 8. O-O h6 9. Bh4 c5 10. dxc5 dxc4 11. Bxc4 Bxc5 12. Qe2 Be7 13. Rfd1 Qc8 14.
Rac1 Bxf3 15. Qxf3 Nbd7 16. Ne4 Ne5 17. Qg3 Nxe4 18.
Qxe5 Bxh4 19. Qxe4 Bf6 20. Bb5 Qb8 21. Bc6 Bxb2 22.
Rb1 Qe5 23. Bxa8 Bc3 24. Qxe5 Bxe5 25. Bf3 Rd8 1-0

[Event "*** Titled Tuesday Blitz"]
[Site "Chess.com"]
[Date "2021.04.27"]
[Round "3"]
[White "KuzubovYuriy"]
[Black "Airquake"]
[Result "1-0"]
[WhiteElo "2871"]
[BlackElo "2639"]
[TimeControl "180+1"]
[EndTime "10:26:53 PDT"]
[Termination "KuzubovYuriy won by resignation"]

1. d4 Nf6 2. Nf3 e6 3. c4 b6 4. g3 Bb7 5. Bg2 d5 6. cxd5 exd5 7. O-O Be7 8. Nc3 O-O 9. Bf4 h6 10. Rc1 Na6 11. Ne5 c5 12. dxc5 Nxc5 13. Nb5 Ne6 14. Be3 Bc5 15. Nd4 Qd6 16. f4 Rac8 17. Kh1 Nxd4 18.
Bxd4 Rfd8 19. a3 a5 20. Qd3 Bxd4 21. Qxd4 Ba6 22. Bf3 Rc5 23. b4 axb4 24. axb4 Rxc1 25. Rxc1 Bb5 26. Kg2 h5 27. h3 g6 28. g4 hxg4 29.
hxg4 Ne4 30. Rh1 Qf6 31. g5 Qxf4 32. Rh8+ 1-0

[Event "*** Titled Tuesday Blitz"]
[Site "Chess.com"]
[Date "2021.04.27"]
[Round "3"]
[White "paulrusan"]
[Black "fyall777"]
[Result "0-1"]
[WhiteElo "2226"]
[BlackElo "2413"]
[TimeControl "180+1"]
[EndTime "10:26:53 PDT"]
[Termination "fyall777 won on time"]

1. e4 e5 2. Nf3 Nf6 3. Nc3 d6 4. h3 Be7 5. Bc4 O-O 6. d3 c6 7. Bb3 Nbd7 8. Be3 b6 9. d4 Bb7 10. dxe5 dxe5 11. O-O Qc7 12. Nd2 Nc5 13. f3 a5 14. Na4 Nxa4 15. Bxa4 b5 16. Bb3 a4 17. Qe2 axb3 18. axb3 h6 19. Qf2 Nd7 20. c3 c5 21. f4 exf4 22. Bxf4 Bd6 23. Bxh6 gxh6 24. Qh4 Kg7 25. Rxa8 Bxa8 26. Qg4+ Kh8 27. Qh5 Bf4 28.
Nf3 Nf6 29. Qh4 Nxe4 30. g3 Be3+ 31. Kg2 Nd2 0-1

[Event "*** Titled Tuesday Blitz"]
[Site "Chess.com"]
[Date "2021.04.27"]
[Round "3"]
[White "Michaelson_11"]
[Black "laboratorio25"]
[Result "0-1"]
[WhiteElo "2248"]
[BlackElo "2525"]
[TimeControl "180+1"]
[EndTime "10:26:55 PDT"]
[Termination "laboratorio25 won by resignation"]

1. e4 c5 2. Nf3 d6 3. d4 cxd4 4. Nxd4 Nf6 5. Nc3 g6 6. Be3 Bg7 7. f3 Nc6 8. Qd2 O-O 9. O-O-O d5 10. Kb1 Nxd4 11. e5 Nf5 12. exf6 exf6 13. Nxd5 Nxe3 14.
Qxe3 Be6 15. Bc4 f5 16. Bb3 Re8 17. Qf4 Bxd5 18. Rxd5 Qf6 19. c3 Re2 20. Qd4 Qg5 21.
Qd1 Qxg2 22. Bc2 Rae8 23. Rg1 Qxh2 24. Rd8 Rxd8 25. Qxd8+ Bf8 26. Rc1 Qd6 27. Qc8 h5 28.
Qxb7 Qd2 29. Qxa7 Bh6 30. Qb8+ Kh7 31. Qf8 0-1

[Event "*** Titled Tuesday Blitz"]
[Site "Chess.com"]
[Date "2021.04.27"]
[Round "3"]
[White "atbenina64"]
[Black "topin8"]
[Result "1-0"]
[WhiteElo "2524"]
[BlackElo "2227"]
[TimeControl "180+1"]
[EndTime "10:26:55 PDT"]
[Termination "atbenina64 won by resignation"]

1. d4 Nf6 2. c4 e6 3. g3 d5 4. Nf3 Be7 5. Bg2 O-O 6. O-O a6 7. b3 c6 8. Bb2 Nbd7 9. Nbd2 Ne4 10. Qc2 f5 11. Ne1 Ndf6 12. Ndf3 Bd6 13. Nd3 g5 14. Nfe5 Ne8 15. f3 N4f6 16. Rae1 Ng7 17. Qc1 h6 18. Ba3 Qe7 19. Ng6 Qd8 20. Bxd6 Qxd6 21. Nxf8 Qxf8 22. Ne5 Bd7 23. e4 Be8 24. cxd5 exd5 25. Qd2 Qd6 26.
exf5 Nxf5 27. f4 g4 28. Qd3 Ne4 29. Bxe4 dxe4 30. Qxe4 Rb8 31. Qxf5 Qxd4+ 32. Rf2 c5 33. Nxg4 1-0

[Event "*** Titled Tuesday Blitz"]
[Site "Chess.com"]
[Date "2021.04.27"]
[Round "3"]
[White "zurzan"]
[Black "Andrii_Prydun"]
[Result "0-1"]
[WhiteElo "2012"]
[BlackElo "2342"]
[TimeControl "180+1"]
[EndTime "10:26:58 PDT"]
[Termination "Andrii_Prydun won by resignation"]

1. f4 d6 2. Nf3 Nd7 3. g3 e5 4. fxe5 dxe5 5. e4 Ngf6 6. Nc3 Bc5 7. d4 exd4 8. e5 dxc3 9. exf6 Qxf6 10. Qe2+ Be7 11.
Bg5 Qe6 12. Bxe7 cxb2 13. Rb1 Kxe7 14. Rxb2 Re8 15. Qxe6+ Kxe6 16. Bc4+ Kd6+ 17. Kd2 f6 18. Nd4 Nb6 19. Bd3 g6 20. Nb5+ Kc6 21. Re1 Rxe1 22. Kxe1 Bg4 23. Nd4+ Kd5 24. c3 a6 25. Rb4 Re8+ 26. Kf2 Rd8 27. a4 Rd6 28. a5 Nd7 29.
Rxb7 Nc5 30. Bxa6 Nxa6 31. Nb5 Rc6 32. Ra7 Kc4 33. Nd4 Rd6 34. Nb5 Kxb5 0-1

[Event "*** Titled Tuesday Blitz"]
[Site "Chess.com"]
[Date "2021.04.27"]
[Round "3"]
[White "LubovMarkelova"]
[Black "Aradhya2000"]
[Result "1/2-1/2"]
[WhiteElo "2274"]
[BlackElo "2629"]
[TimeControl "180+1"]
[EndTime "10:27:00 PDT"]
[Termination "Game drawn by repetition"]

1. Nf3 d5 2. d4 Nf6 3. c4 c6 4. e3 Bf5 5. cxd5 cxd5 6. Nc3 e6 7. Ne5 Nfd7 8. Bd3 Bxd3 9. Nxd3 Nc6 10. O-O Be7 11.
Bd2 O-O 12. Rc1 Rc8 13. Qe2 a6 14. Rfd1 b5 15. f3 Nb6 16. b3 h5 17. Be1 g6 18. Bf2 Kg7 19. Nc5 Bxc5 20. dxc5 Nd7 21. e4 d4 22. Bxd4+ Nxd4 23. Rxd4 Rxc5 24. Rcd1 Rxc3 25. Rxd7 Qb6+ 26. Qf2 Qxf2+ 27. Kxf2 Rfc8 28. R1d2 g5 29. Ra7 Rc2 30. Ke2 R8c6 31. Kd3 Rc1 32. Ke2 R1c2 33. Kd3 R6c3+ 34. Ke2 Rc6 1/2-1/2

[Event "*** Titled Tuesday Blitz"]
[Site "Chess.com"]
[Date "2021.04.27"]
[Round "3"]
[White "nocnypako"]
[Black "FMOlexandrProhorov"]
[Result "1-0"]
[WhiteElo "2545"]
[BlackElo "2268"]
[TimeControl "180+1"]
[EndTime "10:27:03 PDT"]
[Termination "nocnypako won on time"]

1. d4 Nf6 2. c4 g6 3. Nc3 d5 4. cxd5 Nxd5 5. e4 Nxc3 6. bxc3 Bg7 7. Bc4 O-O 8. Ne2 c5 9. O-O Nc6 10. Be3 Bg4 11. f3 Na5 12. Bd3 Bd7 13. Rb1 Qc7 14.
Bf4 e5 15. Bg3 Rfd8 16. Qd2 b6 17. d5 c4 18. Bc2 b5 19. Kh1 Nb7 20. f4 Nc5 21. f5 gxf5 22. exf5 f6 23. Nd4 a6 24.
Qe2 Qa5 25. Bxe5 Re8 26. Ne6 Nxe6 27. fxe6 fxe5 28. Bxh7+ Kxh7 29. Qh5+ Kg8 30. Qf7+ Kh7 31. Rf5 1-0

[Event "*** Titled Tuesday Blitz"]
[Site "Chess.com"]
[Date "2021.04.27"]
[Round "3"]
[White "frederiksvane"]
[Black "CM_rui"]
[Result "1-0"]
[WhiteElo "2741"]
[BlackElo "2518"]
[TimeControl "180+1"]
[EndTime "10:27:04 PDT"]
[Termination "frederiksvane won by resignation"]

1. e4 e5 2. Nf3 Nc6 3. Bb5 a6 4. Ba4 Nf6 5. O-O Be7 6. d3 b5 7.
Bb3 O-O 8. Nc3 d6 9. a3 Na5 10. Ba2 c5 11. b4 cxb4 12. axb4 Nc6 13. Nd5 Nxd5 14. Bxd5 Qc7 15. Bd2 Bg4 16. h3 Bxf3 17.
Qxf3 Nd4 18. Qd1 Rac8 19. c3 Ne6 20. Bxe6 fxe6 21. Qb3 Qd7 22. Rxa6 d5 23. Be3 Kh8 24.
Rfa1 d4 25. cxd4 exd4 26. Bd2 e5 27. Qe6 Qd8 28. Qxe5 Rc2 29. R6a2 Rxa2 30. Rxa2 Bh4 31. g3 Bf6 32. Qxb5 Qc8 33. Kg2 h6 34. Qc5 Qe6 35. Qxf8+ Kh7 36. Ra5 Qb3 37. Qc5 Qxd3 38. Qf5+ g6 39.
Ra7+ Bg7 40. Qe5 1-0

[Event "*** Titled Tuesday Blitz"]
[Site "Chess.com"]
[Date "2021.04.27"]
[Round "3"]
[White "Gmedmundo"]
[Black "Witik"]
[Result "0-1"]
[WhiteElo "2438"]
[BlackElo "2709"]
[TimeControl "180+1"]
[EndTime "10:27:04 PDT"]
[Termination "Witik won on time"]

1. e4 c6 2. d4 d5 3. e5 Bf5 4. Nf3 e6 5. Be2 Bg6 6. O-O Nh6 7. Nbd2 Nf5 8. Nb3 Nd7 9. a4 Be7 10. a5 O-O 11. a6 b6 12. c4 f6 13. cxd5 exd5 14.
g4 Nh6 15. exf6 Rxf6 16. g5 Rxf3 17. Bxf3 Bxg5 18. Qe2 Qf6 19. Bxg5 Qxg5+ 20. Kh1 Re8 21.
Qd2 Qh4 22. Rae1 Rf8 23. Qe3 Nf6 24. Qe6+ Kh8 25. Qd6 Kg8 26. Rg1 Ne4 27. Qe6+ Bf7 0-1

[Event "*** Titled Tuesday Blitz"]
[Site "Chess.com"]
[Date "2021.04.27"]
[Round "3"]
[White "Nils_03"]
[Black "KhatanbaatarBazar"]
[Result "0-1"]
[WhiteElo "2419"]
[BlackElo "2665"]
[TimeControl "180+1"]
[EndTime "10:27:06 PDT"]
[Termination "KhatanbaatarBazar won by resignation"]

1. d4 d5 2. c4 c6 3. Nf3 Nf6 4.
e3 e6 5. Nc3 Nbd7 6. b3 Bd6 7.
Bb2 O-O 8. Bd3 Qe7 9. O-O dxc4 10. Bxc4 e5 11. Rc1 e4 12. Nd2 Nb6 13. Be2 Re8 14. Nc4 Bc7 15. Ba3 Qd8 16. Ne5 Nbd5 17. Nxd5 Nxd5 18. Bb2 Bf5 19. Bg4 Bxg4 20. Qxg4 f6 21. Nc4 Qe7 22. Ba3 Qf7 23. Nd6 Bxd6 24. Bxd6 Rad8 25.
Bg3 f5 26. Qe2 f4 27. exf4 Nxf4 28. Bxf4 Qxf4 29. Qe3 Qf6 30. Rfd1 Rd5 31. h3 h6 32. Rc5 Qd6 33. Rxd5 cxd5 34. Rc1 Rf8 35. Qc3 Qf6 36. Qe3 Rf7 37. Rc8+ Kh7 38. Rc5 Qd6 39.
b4 b6 40. Rc8 Qxb4 41. a3 Qd6 42. Rc1 Qg6 43. Rb1 Rf3 44. Qe1 Rxa3 45. Ra1 Rb3 46. Rxa7 e3 47. Ra1 Qe4 48. fxe3 Rxe3 49. Qd2 Re2 0-1

[Event "*** Titled Tuesday Blitz"]
[Site "Chess.com"]
[Date "2021.04.27"]
[Round "3"]
[White "Region_07"]
[Black "ErikBlomqvist"]
[Result "1-0"]
[WhiteElo "2379"]
[BlackElo "2576"]
[TimeControl "180+1"]
[EndTime "10:27:07 PDT"]
[Termination "Region_07 won by resignation"]

1. d4 Nf6 2. Bg5 d5 3. Bxf6 gxf6 4. c4 c5 5. e3 cxd4 6. exd4 Nc6 7. Nc3 dxc4 8. d5 Ne5 9. Bxc4 Nxc4 10. Qa4+ Bd7 11. Qxc4 Rg8 12. Qe4 Qb6 13. Nge2 Rg4 14. Qf3 O-O-O 15.
O-O Bh6 16. Rfd1 Rdg8 17. g3 Rb4 18. d6 Bc6 19. Nd5 Qb5 20. Nxe7+ Kb8 21. Nxc6+ bxc6 22. d7 Rd8 23. Nd4 Rxd4 24. Rxd4 Qxb2 25. Qd1 1-0